[Event "*** SCC Grand Prix: Titled Tuesday Blitz"]
[Site "Chess.com"]
[Date "2020.10.06"]
[Round "5"]
[White "davidkalashian"]
[Black "Shuvalov"]
[Result "1-0"]
[WhiteElo "2579"]
[BlackElo "2416"]
[TimeControl "180+1"]
[EndTime "10:57:53 PDT"]
[Termination "davidkalashian won by checkmate"]

1. d4 d5 2. Nf3 Nf6 3. c4 c6 4.
Qc2 dxc4 5. Qxc4 Bf5 6. Nc3 e6 7. g3 Nbd7 8. Bg2 Be7 9. O-O O-O 10. Qb3 Qb6 11. Re1 Bg6 12. e4 Rfe8 13. Bf4 Bh5 14. Rad1 Rad8 15. h3 Bb4 16. g4 Bg6 17. Nd2 e5 18.
Nc4 Qa6 19. dxe5 Bxc3 20. Qxc3 b5 21. Nd6 b4 22. Qc4 Qxc4 23. Nxc4 Nxe5 24. Rxd8 Nxc4 25. Rxe8+ Nxe8 26. Rc1 Nxb2 27. Rxc6 f6 28. e5 fxe5 29. Bxe5 Nd3 30. Bd4 Bf7 31. Ra6 Nc1 32. Bf1 Nxa2 33.
Rxa7 Nc3 34. Rb7 Nd5 35. Bc4 h5 36. Rxf7 Kxf7 37. Bxd5+ Kg6 38. Be5 hxg4 39. hxg4 Kg5 40. f3 Nf6 41. Bxf6+ gxf6 42. Kg2 f5 43. Kg3 fxg4 44. fxg4 Kg6 45. Kf4 Kf6 46. g5+ Kg6 47. Kg4 Kg7 48. Kf5 Kh8 49. g6 Kg7 50. Kg5 b3 51. Bxb3 Kh8 52. Bc2 Kg7 53. Kh5 Kg8 54.
Kh6 Kh8 55. g7+ Kg8 56. Bb3# 1-0

[Event "*** SCC Grand Prix: Titled Tuesday Blitz"]
[Site "Chess.com"]
[Date "2020.10.06"]
[Round "5"]
[White "WPWPWP-2015"]
[Black "Witik"]
[Result "0-1"]
[WhiteElo "2446"]
[BlackElo "2697"]
[TimeControl "180+1"]
[EndTime "10:57:54 PDT"]
[Termination "Witik won by resignation"]

1. e4 c5 2. Nf3 Nc6 3. d4 cxd4 4. Nxd4 g6 5. c4 Nf6 6. Nc3 d6 7. Be3 Ng4 8. Nxc6 bxc6 9. Bd2 Qb6 10. Qf3 Qxb2 11. Rb1 Qa3 12. h3 Ne5 13. Qe3 Be6 14.
f4 Nd7 15. Rb3 Qc5 16. Qd3 Bg7 17. Be3 Qa5 18. Bd4 Nc5 19. Bxc5 Qxc5 20. g4 O-O 21. f5 Bd7 22. Be2 Rab8 23. Kd2 Qa5 24. Rhb1 Rb6 25. Kc2 Rfb8 26. Rxb6 axb6 27. Rb3 Qe5 28. Bd1 Bf6 29. Kb1 Kg7 30. Bc2 b5 31. cxb5 cxb5 32. a3 Rc8 33.
Ka2 Rxc3 34. Rxc3 Qxc3 35. Qxc3 Bxc3 36. Bd3 g5 37. Kb3 Ba5 38. Kc2 Kf6 39. Kd1 h6 40.
Ke2 Ke5 41. Ke3 Bb6+ 42. Kf3 Bc6 43. Bc2 f6 44. Bb1 Bc5 45. Bc2 Bxa3 46. Bb1 Bc5 47. Bc2 b4 48. Ke2 Bxe4 49. Bb3 d5 50. Ba4 d4 51.
Bb5 d3+ 52. Kd2 Kd4 53. Ba4 Bd6 54. Kd1 Bf4 55. Bb5 Kc3 56. Ba4 Bf3+ 57. Ke1 Be3 58.
Kf1 b3 59. h4 b2 60. Bc2 dxc2 0-1

[Event "*** SCC Grand Prix: Titled Tuesday Blitz"]
[Site "Chess.com"]
[Date "2020.10.06"]
[Round "5"]
[White "VladaSviridova"]
[Black "SanchezKelvin"]
[Result "0-1"]
[WhiteElo "2244"]
[BlackElo "2385"]
[TimeControl "180+1"]
[EndTime "10:57:56 PDT"]
[Termination "SanchezKelvin won on time"]

1. d4 Nf6 2. c4 g6 3. Nc3 Bg7 4. e4 d6 5. Nf3 O-O 6. Be2 c5 7.
O-O Nc6 8. d5 Na5 9. h3 a6 10.
Rb1 Rb8 11. Re1 e6 12. a3 exd5 13. exd5 Bf5 14. Bd3 Bxd3 15. Qxd3 b5 16. cxb5 c4 17.
Qc2 axb5 18. Bg5 h6 19. Bf4 Nb3 20. Rbd1 Re8 21. Rxe8+ Nxe8 22. Re1 Nc7 23. Qe4 Bf8 24. Nd4 Nxd4 25. Qxd4 Qd7 26. Ne4 Ne8 27. Qe3 Kh7 28.
h4 Bg7 29. Re2 b4 30. a4 Qxa4 31. Nxd6 Nxd6 32. Bxd6 Rd8 33. Be5 Re8 34. Qd4 Qa1+ 35. Kh2 Qa5 36. Re3 Rxe5 37. Rxe5 Qc7 38. f4 Bxe5 39.
fxe5 c3 40. bxc3 Qxc3 41. Qf4 Kg7 42. e6 fxe6 43. dxe6 Qf6 44. Qc7+ Kf8 45. Qd6+ Qe7 46. Qf4+ Kg7 47. Qe5+ Qf6 48. Qc7+ Kf8 49. Qb8+ Kg7 50. Qxb4 Qe5+ 0-1

[Event "*** SCC Grand Prix: Titled Tuesday Blitz"]
[Site "Chess.com"]
[Date "2020.10.06"]
[Round "5"]
[White "PavelChernomordik"]
[Black "FLamps8"]
[Result "0-1"]
[WhiteElo "2358"]
[BlackElo "2510"]
[TimeControl "180+1"]
[EndTime "10:57:58 PDT"]
[Termination "FLamps8 won on time"]

1. e4 c6 2. Nc3 d5 3. Nf3 Bg4 4. h3 Bh5 5. exd5 cxd5 6. g4 Bg6 7. Bb5+ Nc6 8. Ne5 Rc8 9. d4 e6 10. h4 f6 11. Nxg6 hxg6 12. Qd3 Ne7 13. Ne2 Kf7 14. c3 Qa5 15. b4 Qc7 16. f4 f5 17.
h5 gxh5 18. Rxh5 Rxh5 19. gxh5 Ng8 20. Qg3 Nce7 21. Bd3 Nf6 22. Qg5 Ne4 23. Bxe4 dxe4 24. Bd2 Qc4 25. Kf2 Qd3 26. Be3 Nd5 27. Qg6+ Ke7 28.
Qg3 Nxc3 29. Re1 Nd1+ 30. Rxd1 Qxd1 31. d5 Rc2 32. Bc5+ Kd7 33. dxe6+ Kc6 34. Qe3 Bxc5 35.
bxc5 Qd3 36. e7 Kd7 37. c6+ bxc6 38. Qxa7+ Ke8 39. Qb8+ Kxe7 40. Qe5+ Kd7 41. Qxf5+ Kc7 42. Qg4 Qf3+ 43. Qxf3 exf3 44. Kxf3 Rxa2 45. f5 Kd6 46. f6 gxf6 47. h6 Ra7 48. Ng3 Rh7 49. Nf5+ Ke5 50.
Kg4 c5 0-1

[Event "*** SCC Grand Prix: Titled Tuesday Blitz"]
[Site "Chess.com"]
[Date "2020.10.06"]
[Round "5"]
[White "Vuk2000"]
[Black "LedakovAlexandr"]
[Result "1-0"]
[WhiteElo "2689"]
[BlackElo "2441"]
[TimeControl "180+1"]
[EndTime "10:58:01 PDT"]
[Termination "Vuk2000 won by resignation"]

1. e4 Nc6 2. d4 d6 3. Be3 g6 4. Nc3 Bg7 5. Be2 Nf6 6. d5 Nb8 7. Nf3 O-O 8. O-O c6 9. a4 a5 10. Bc4 Na6 11. Re1 Nb4 12. Qd2 Qc7 13. Bb3 Bd7 14. Bh6 Rfe8 15. Bxg7 Kxg7 16. Rad1 Bg4 17. Re3 Rad8 18. Rde1 Bxf3 19. Rxf3 Rf8 20. Rh3 h5 21. f4 Ng4 22. Qd4+ f6 23. f5 Rh8 24. fxg6 Rh6 25. Ne2 c5 26. Qc4 Ne5 27. Qb5 c4 28. Nf4 Qc5+ 29. Qxc5 dxc5 30. Ne6+ Kxg6 31. Nxd8 cxb3 32.
Rg3+ Kh7 33. cxb3 h4 34. Rh3 Nc2 35. Rf1 Nd4 36. Ne6 Nxe6 37. dxe6 b6 38. Rd1 Ng6 39.
Rd7 Rh5 40. Rd5 Kh6 41. Rf3 Re5 42. Rxe5 Nxe5 43. Rf5 Kg6 44. Rf4 Kg5 45. g3 hxg3 46. hxg3 Nd3 47. Rf5+ Kg6 48. Rd5 Nxb2 49. Rd7 c4 50.
bxc4 Nxc4 51. Rxe7 Nd6 52. Rc7 Ne8 53. Rc6 f5 54. e7+ Kg5 55. exf5 Kxf5 56. Rxb6 1-0

[Event "*** SCC Grand Prix: Titled Tuesday Blitz"]
[Site "Chess.com"]
[Date "2020.10.06"]
[Round "5"]
[White "zajka-molotok"]
[Black "queen_iryna"]
[Result "1-0"]
[WhiteElo "2472"]
[BlackElo "2301"]
[TimeControl "180+1"]
[EndTime "10:58:01 PDT"]
[Termination "zajka-molotok won by resignation"]

1. b4 e5 2. Bb2 d6 3. e3 Nf6 4. Nf3 Be7 5. d4 e4 6. Nfd2 O-O 7. c4 c6 8. Nc3 Bf5 9. Be2 Nbd7 10. g4 Bg6 11. g5 Ne8 12. Ndxe4 Bxg5 13. Nxg5 Qxg5 14. Qd2 a5 15. b5 Nef6 16. O-O-O cxb5 17. Nxb5 Ne4 18. Qe1 Qf5 19. Bd3 Qxf2 20. Bxe4 Qxe1 21. Rhxe1 Bxe4 22. Nxd6 Bf3 23. Rd3 f5 24. Rb3 b6 25. Rf1 Be4 26.
Kd2 Rf6 27. Nxe4 fxe4 28. Rxf6 gxf6 29. Rb5 Kf7 30. Kc3 Ke6 31. d5+ Kd6 32. Kd4 Rg8 33. Ba3+ Kc7 34. c5 bxc5+ 35. Bxc5 Rg2 36. Rxa5 f5 37. Be7 Rd2+ 38. Kc4 Ne5+ 39. Kb4 Rb2+ 40. Kc3 Nd3 41. d6+ Kd7 42. Ra7+ Ke6 43. Bf8 Rb8 44. Bg7 Rc8+ 45. Kd2 Rd8 46. Bd4 Rxd6 47. a4 f4 48. a5 f3 49. Rxh7 f2 50. Ke2 Ra6 51. Rh6+ Kd5 52.
Rxa6 Kc4 53. Rf6 Kb5 54. Rxf2 Nxf2 55. Kxf2 Kxa5 56. h4 Kb5 57. h5 Kc6 58. h6 Kd5 59. h7 Kc4 60. h8=Q Kd3 61. Qe5 1-0

[Event "*** SCC Grand Prix: Titled Tuesday Blitz"]
[Site "Chess.com"]
[Date "2020.10.06"]
[Round "5"]
[White "Kira170"]
[Black "Beca95"]
[Result "0-1"]
[WhiteElo "2791"]
[BlackElo "2906"]
[TimeControl "180+1"]
[EndTime "10:58:02 PDT"]
[Termination "Beca95 won on time"]

1. d4 Nf6 2. Nc3 d5 3. Bf4 a6 4. e3 c5 5. Nf3 cxd4 6. exd4 Bg4 7. h3 Bxf3 8. Qxf3 Nc6 9. O-O-O e6 10. g4 Bd6 11. g5 Bxf4+ 12. Qxf4 Nd7 13. h4 Nb6 14. h5 Rc8 15. Kb1 Ne7 16. Bd3 Rxc3 17. bxc3 Na4 18. Ka1 Qc8 19. Qd2 Nxc3 20. Rdg1 Qc7 21. Rh3 b5 22. h6 g6 23. Bxg6 b4 24. Bh5 O-O 25.
Rxc3 bxc3 26. Qd3 Rb8 27. Bxf7+ Kxf7 28. Qxh7+ Ke8 29. Qd3 Rb2 30. Qxa6 Kf7 31. h7 Ng6 32. Qa3 Rxc2 33. Rh1 Kg7 34. h8=Q+ Nxh8 35. Rxh8 Rxf2 36. Rh1 c2 37. Rc1 Rd2 38. Qb2 Kg6 39. Qb4 Rd1 40. Qa3 Qc4 41. Kb2 Qxd4+ 42. Kxc2 Qd2+ 43. Kb1 Rxc1+ 44. Qxc1 Qb4+ 45. Qb2 Qe1+ 46. Qc1 Qe5 47. a4 d4 48.
Ka2 Qd5+ 49. Ka3 e5 50. Kb4 e4 51. a5 Qb7+ 52. Ka4 d3 53. Qf4 Qd7+ 54. Kb4 d2 55. Qf6+ Kh5 56. Qh6+ Kg4 0-1

[Event "*** SCC Grand Prix: Titled Tuesday Blitz"]
[Site "Chess.com"]
[Date "2020.10.06"]
[Round "5"]
[White "Mikhail_Golubev"]
[Black "slavenok"]
[Result "0-1"]
[WhiteElo "2513"]
[BlackElo "2730"]
[TimeControl "180+1"]
[EndTime "10:58:02 PDT"]
[Termination "slavenok won on time"]

1. e4 c5 2. Nf3 a6 3. Nc3 e6 4. d4 cxd4 5. Nxd4 d5 6. exd5 exd5 7.
Be2 Nf6 8. O-O Be7 9. Bf3 O-O 10. Re1 Nc6 11. Bg5 h6 12. Bh4 Re8 13. Bxf6 Bxf6 14. Rxe8+ Qxe8 15. Nxd5 Be5 16. c3 Bd7 17. Nb6 Rd8 18.
Nxd7 Rxd7 19. Bxc6 bxc6 20. Qe2 c5 21. Nf3 Bxh2+ 22. Kf1 Qxe2+ 23. Kxe2 Bf4 24. Rd1 Rb7 25. b3 g5 26. Rd5 c4 27. b4 g4 28. Nd4 Re7+ 29.
Kd1 Re4 30. Rc5 g3 31. fxg3 Bxg3 32. Rxc4 Be5 33. Rc8+ Kg7 34. Nf3 Bf6 35. a4 Rg4 36.
b5 axb5 37. axb5 Rxg2 38. Kc1 Rg3 39. Nd4 Bxd4 40. cxd4 Rb3 41. Rc5 Kf6 42. Kc2 Rg3 43. b6 Rg8 44. b7 Rb8 45. Rb5 Ke6 46. Kd3 Kd6 47. Ke4 Kc6 48. Rh5 Rxb7 49. Rxh6+ Kd7 50.
Rf6 Ke7 51. Rc6 Rb1 52. Rc7+ Kf8 53. Ra7 Re1+ 54. Kd5 f5 55. Ra8+ Kg7 56. Ra6 f4 57. Rd6 f3 58. Ra6 f2 59. Ra7+ Kg6 60. Ra6+ Kg5 61.
Ra8 f1=Q 0-1

[Event "*** SCC Grand Prix: Titled Tuesday Blitz"]
[Site "Chess.com"]
[Date "2020.10.06"]
[Round "5"]
[White "Butterfly"]
[Black "louis198"]
[Result "0-1"]
[WhiteElo "2406"]
[BlackElo "2572"]
[TimeControl "180+1"]
[EndTime "10:58:02 PDT"]
[Termination "louis198 won by checkmate"]

1. d4 c5 2. d5 d6 3. Nc3 g6 4. e4 Bg7 5. Bb5+ Bd7 6. a4 a6 7. Bc4 Nf6 8. h3 O-O 9. Nf3 Be8 10. O-O Nbd7 11. Be3 Rc8 12. Qd2 Ne5 13. Nxe5 dxe5 14. f4 exf4 15. Bxf4 Nh5 16. Bh6 Bd4+ 17. Be3 Ng3 18.
Rf4 Qd6 19. Qf2 b5 20. axb5 axb5 21. Nxb5 Bxb5 22. Bxb5 Rb8 23. Bc4 Be5 24. Bxc5 Qc7 25. Ra7 Rb7 26. Rxb7 Qxb7 27. Rg4 Nh5 28. b4 Ra8 29. g3 Ra1+ 30. Kg2 Qc7 31. d6 exd6 32. Bd4 Qxc4 33. Bxa1 Bxa1 34. e5 Qc6+ 35. Kh2 Bxe5 36. c4 Nxg3 37. Rxg3 Bxg3+ 38. Kxg3 Qxc4 39. Qd2 Qb3+ 40. Kg2 d5 41. Qd4 h5 42. Qc5 Qb2+ 43. Kf3 d4 44. b5 d3 45. b6 Qe2+ 46. Kf4 d2 47. b7 Qh2+ 48. Ke3 d1=Q 49. Qc8+ Kh7 50. b8=Q Qdd2+ 51. Ke4 Qhe2# 0-1

[Event "*** SCC Grand Prix: Titled Tuesday Blitz"]
[Site "Chess.com"]
[Date "2020.10.06"]
[Round "5"]
[White "ChessAurochs"]
[Black "lucachess49"]
[Result "1/2-1/2"]
[WhiteElo "2553"]
[BlackElo "2402"]
[TimeControl "180+1"]
[EndTime "10:58:03 PDT"]
[Termination "Game drawn by repetition"]

1. e4 e5 2. Nf3 Nc6 3. Bc4 Nf6 4. d3 Be7 5. O-O O-O 6. c3 d6 7. Bb3 Na5 8. Bc2 c5 9. Nbd2 Nc6 10. Re1 Re8 11. Nf1 h6 12. Ng3 Bf8 13. h3 Be6 14. Nh2 d5 15. Qf3 d4 16. Ng4 Nxg4 17. hxg4 Be7 18.
Nf5 Bg5 19. Bb3 Bxb3 20. axb3 Bxc1 21. Rexc1 Qg5 22. b4 cxb4 23. cxb4 Qf6 24. b5 Nb4 25. Rc7 a6 26. Rxb7 axb5 27. Rxa8 Rxa8 28. Rxb5 Nc2 29. Rb7 Kh7 30. g5 Ra1+ 31. Kh2 Qxg5 32. Rxf7 Ne1 33.
Qg3 Qh5+ 34. Qh3 Qxf7 35. Nd6 Qg6 36. Nf5 Nc2 37. Nh4 Qg5 38. Nf3 Qf4+ 39. Qg3 Qxg3+ 40. Kxg3 Nb4 41. Nxe5 Rd1 42. f4 Nxd3 43. Nc6 Nxb2 44. e5 d3 45. e6 Re1 46. Ne5 d2 47. e7 d1=Q 48. e8=Q Qb3+ 49. Kh2 Qc2 50. Qf7 Re2 51. Kh3 Re3+ 52. Nf3 Rxf3+ 53. gxf3 Nd1 54. f5 Nf2+ 55. Kg3 Nh1+ 56. Kh3 Qc6 57. Qe6 Qxf3+ 58. Kh2 Nf2 59. Qg6+ Kg8 60. Qe8+ Kh7 61. Qg6+ Kg8 62. Qe8+ Kh7 63.
Qg6+ 1/2-1/2

[Event "*** SCC Grand Prix: Titled Tuesday Blitz"]
[Site "Chess.com"]
[Date "2020.10.06"]
[Round "5"]
[White "TrimitziosP7"]
[Black "Lagmantr"]
[Result "1-0"]
[WhiteElo "2816"]
[BlackElo "2652"]
[TimeControl "180+1"]
[EndTime "10:58:04 PDT"]
[Termination "TrimitziosP7 won by checkmate"]

1. e4 c6 2. c4 d5 3. cxd5 cxd5 4. exd5 Nf6 5. Nc3 g6 6. Nf3 Bg7 7. Bc4 O-O 8. O-O Nbd7 9. d4 Nb6 10. Bb3 Nfxd5 11. h3 Bf5 12. Bg5 h6 13. Bd2 Rc8 14. Ne5 g5 15. Rc1 e6 16. Re1 Nxc3 17. Bxc3 Nd5 18.
Qf3 Bh7 19. Bd2 Rxc1 20. Rxc1 Qb6 21. Bxd5 Qxb2 22. Be3 exd5 23. Qxd5 Bf5 24. Rc7 Be6 25.
Qxb7 Qxa2 26. Qxa7 Qb1+ 27. Kh2 Qe4 28. Qc5 Rb8 29. Nf3 Bxh3 30. Kxh3 g4+ 31. Kg3 gxf3 32. gxf3 Qg6+ 33. Kh2 Rb1 34. Rc8+ Kh7 35. Bc1 f5 36. Rc7 Qh5+ 37. Kg2 Qg6+ 38. Kf1 f4 39. Ke2 Ra1 40. Bxf4 Ra2+ 41. Bd2 Qe6+ 42. Qe5 Qa6+ 43. Ke3 Ra3+ 44. Kf4 Qg6 45. Qe4 h5 46. Qxg6+ Kxg6 47. Rc6+ Kh7 48.
Be3 Bh6+ 49. Ke4 Bg7 50. Rc7 h4 51. Rc1 Ra7 52. Rh1 Re7+ 53. Kf5 Bf6 54. Kxf6 Re8 55.
Rxh4+ Kg8 56. d5 Kf8 57. Rh8# 1-0

[Event "*** SCC Grand Prix: Titled Tuesday Blitz"]
[Site "Chess.com"]
[Date "2020.10.06"]
[Round "5"]
[White "nurgyulsalimova"]
[Black "youngKID"]
[Result "0-1"]
[WhiteElo "2608"]
[BlackElo "2797"]
[TimeControl "180+1"]
[EndTime "10:58:06 PDT"]
[Termination "youngKID won by resignation"]

1. d4 Nf6 2. Nf3 g6 3. c4 Bg7 4.
Nc3 O-O 5. g3 d6 6. Bg2 Nc6 7.
O-O e5 8. dxe5 dxe5 9. Bg5 Be6 10. Nd2 h6 11. Be3 Nd4 12. h3 Qd7 13. Kh2 Rad8 14. Nf3 Nxf3+ 15. Bxf3 Bxh3 16. Qxd7 Bxd7 17. Bxa7 b6 18.
c5 Bf5 19. cxb6 cxb6 20. Bxb6 Rb8 21. Bc5 Rfc8 22. Bd6 Rxb2 23. Bxe5 Rc2 24. Bxf6 Bxf6 25. Nd5 Bxa1 26. Ne7+ Kg7 27. Nxc8 Rxa2 28. Nd6 Be6 29. Ne4 Bd4 30. Rd1 Ba7 31. Kg2 Ra5 32. Nd2 g5 33.
Nf1 g4 34. Be4 Re5 35. f3 f5 36. Bb7 Rxe2+ 37. Kh1 h5 38. fxg4 hxg4 39. Nh2 Bc5 40. Nf1 Kf6 41. Bg2 Be7 42. Rd2 Re5 43. Kg1 Re1 44.
Kh2 Ra1 45. Rf2 Bc5 46. Rf4 Bd6 47. Rf2 Ra3 48. Bc6 Bc4 49. Kg2 Bxf1+ 50. Rxf1 Rxg3+ 51.
Kf2 Rc3 52. Bg2 Bc5+ 53. Ke2 Rc2+ 54. Kd3 Rxg2 0-1

[Event "*** SCC Grand Prix: Titled Tuesday Blitz"]
[Site "Chess.com"]
[Date "2020.10.06"]
[Round "5"]
[White "Leonid_Starozhilov"]
[Black "parnali1611"]
[Result "1-0"]
[WhiteElo "2687"]
[BlackElo "2139"]
[TimeControl "180+1"]
[EndTime "10:58:06 PDT"]
[Termination "Leonid_Starozhilov won on time"]

1. e4 e5 2. Nf3 Nc6 3. Bc4 Nf6 4. d3 Bc5 5. Nc3 h6 6. h3 d6 7. a3 a6 8. Be3 Nd4 9. Bxd4 Bxd4 10. Nxd4 exd4 11.
Ne2 c5 12. Nf4 Qe7 13. O-O Qe5 14. Qf3 Bd7 15. Nd5 Nxd5 16. Bxd5 O-O 17. b3 Rab8 18. a4 Kh8 19. Qd1 Qf4 20. Qc1 Qh4 21. Qe1 Qf4 22.
a5 f5 23. g3 Qf3 24. Qd1 fxe4 25. Bxe4 Qxd1 26. Raxd1 Bxh3 27. Rfe1 Bg4 28. Ra1 Rfe8 29.
Bg6 Rxe1+ 30. Rxe1 Bd7 31. Re7 Bc6 32. f4 Rd8 33.
Kf2 Kg8 34. f5 Rf8 35. g4 Bd5 36. Kg3 Bc6 37. Rc7 Rd8 38. Re7 Rf8 39. Kf4 Rd8 40.
g5 hxg5+ 41. Kxg5 Rf8 42. Re6 Rd8 43. Bh5 Bd5 44. Re7 Rf8 45. Bg6 Bc6 46. Re6 Rd8 47.
Re2 Bd5 48. Rf2 Bf7 49. Re2 Bxg6 50. Kxg6 Kf8 51. Re6 Rd7 52. Re4 Rf7 53. Rh4 Rf6+ 54. Kg5 Ke7 55. Rh8 Rf8 56. Rh7 1-0

[Event "*** SCC Grand Prix: Titled Tuesday Blitz"]
[Site "Chess.com"]
[Date "2020.10.06"]
[Round "5"]
[White "Alexander_Donchenko"]
[Black "doons21"]
[Result "1-0"]
[WhiteElo "2767"]
[BlackElo "2604"]
[TimeControl "180+1"]
[EndTime "10:58:07 PDT"]
[Termination "Alexander_Donchenko won on time"]

1. Nf3 Nf6 2. g3 g6 3. Bg2 Bg7 4. O-O O-O 5. d4 d6 6. b3 a5 7. a4 Ne4 8. Bb2 c5 9. Nbd2 Nxd2 10. Qxd2 Nc6 11. Rab1 Qb6 12. d5 Bxb2 13. Rxb2 Nb4 14.
c3 Na6 15. Qh6 f6 16. c4 Rf7 17. h4 Bg4 18. Nh2 Bd7 19. e4 Nb4 20. Rd2 Qd8 21.
Qe3 Qf8 22. f4 Qg7 23. Re1 g5 24. fxg5 fxg5 25. Qxg5 Qxg5 26. hxg5 Rg7 27. Nf3 Bg4 28. e5 Bxf3 29. Bxf3 Rxg5 30. exd6 exd6 31. Kg2 Rf8 32.
Re6 Rg6 33. Be4 Rgf6 34. Re2 Kg7 35. g4 h6 36. Bf5 h5 37. Rxf6 Rxf6 38. Re7+ Kh6 39.
Rxb7 hxg4 40. Bxg4 Nd3 41. Rb5 Kg5 42. Be6 Kf4 43.
Rxa5 Rg6+ 44. Kf1 Rh6 45. Ra7 Rh1+ 46. Kg2 Rb1 47. Rb7 Ke3 48. a5 Nf4+ 49. Kg3 Rg1+ 50. Kh4 Kf3 51. a6 Rh1+ 52. Kg5 Rg1+ 53. Kf6 Ra1 54.
a7 Ke4 55. Bd7 Nd3 56. Bc6 Rf1+ 57. Ke7 Ra1 58. Rc7 Ne5 59. a8=Q Rxa8 60. Bxa8 Kd4 61. Kxd6 Nd3 62. Ke7 1-0

[Event "*** SCC Grand Prix: Titled Tuesday Blitz"]
[Site "Chess.com"]
[Date "2020.10.06"]
[Round "5"]
[White "IMJonathanCarlstedt"]
[Black "Xeniya2005"]
[Result "0-1"]
[WhiteElo "2511"]
[BlackElo "2395"]
[TimeControl "180+1"]
[EndTime "10:58:08 PDT"]
[Termination "Xeniya2005 won by resignation"]

1. d4 Nf6 2. Bf4 d5 3. e3 c5 4. c3 Nc6 5. Nd2 Qb6 6. Qb3 c4 7. Qxb6 axb6 8. a3 Bf5 9. f3 e6 10. Ne2 b5 11. Rc1 h5 12. h4 Kd7 13. Ng3 Bg6 14. e4 Re8 15. e5 Ng8 16. Be3 Be7 17. f4 Nh6 18. Nf3 Nf5 19. Nxf5 Bxf5 20. Be2 Bg4 21. Kf2 g6 22. Bd1 Ref8 23. Bc2 Bxf3 24.
Kxf3 Ra8 25. Rcg1 Bd8 26. Ke2 Ne7 27. Bf2 Nf5 28. g4 hxg4 29. Rxg4 Be7 30. Rg2 Rh7 31. Rgh2 Rah8 32. Kf1 Rh6 33. Bd1 Nxh4 34. a4 bxa4 35. Bxa4+ Kc7 36. Bd1 Nf5 37. Rxh6 Rxh6 38. Rxh6 Nxh6 39.
Kg2 Nf5 40. Ba4 Kd8 41. Kf3 Bf8 42. b3 cxb3 43. Bxb3 Ne7 44. c4 dxc4 45. Bxc4 Kc7 46. Ke4 Bh6 47. Be3 Kc6 48. Be2 Nd5 49. Bf3 b5 50.
Kd3 Bf8 51. Bd2 Ba3 52. Be4 Be7 53. Bf3 Kb6 54. Kc2 Bb4 55. Bxd5 Bxd2 56. Bxe6 fxe6 57.
Kxd2 Kc6 58. Kd3 Kd5 59. Kc3 Ke4 60. Kb4 Kxd4 61. Kxb5 Ke4 62. Kc6 Kxf4 63. Kd7 Kf5 64. Kd6 g5 65. Kc5 g4 66. Kd4 Kf4 67. Kd3 Kxe5 68.
Ke2 Kf4 69. Kf2 e5 70. Kg2 e4 71. Kf2 e3+ 72. Ke2 Ke4 73. Ke1 Kd3 74. Kd1 Ke4 75.
Ke1 Kf3 76. Kf1 e2+ 77. Ke1 g3 78. Kd2 Kf2 0-1

[Event "*** SCC Grand Prix: Titled Tuesday Blitz"]
[Site "Chess.com"]
[Date "2020.10.06"]
[Round "5"]
[White "Unkreativ3"]
[Black "PavelShkapenko"]
[Result "0-1"]
[WhiteElo "2548"]
[BlackElo "2726"]
[TimeControl "180+1"]
[EndTime "10:58:09 PDT"]
[Termination "PavelShkapenko won by checkmate"]

1. d4 Nf6 2. c4 e6 3. Nc3 Bb4 4. Nf3 c5 5. g3 cxd4 6. Nxd4 Ne4 7. Qc2 Qa5 8. Nb3 Qf5 9. e3 Nxc3 10. Qxf5 Ne4+ 11. Ke2 exf5 12. f3 Nf6 13. Nd4 d6 14.
Nb5 Be6 15. Nc7+ Ke7 16. Nxa8 Na6 17. a3 Ba5 18. b4 Bd8 19. Kf2 Kd7 20. a4 Be7 21. c5 Rxa8 22. c6+ bxc6 23. Bxa6 Rb8 24. Ba3 Nd5 25. Rab1 Nc3 26. Rbc1 Nxa4 27. Rhd1 d5 28.
Be2 Bxb4 29. Bxb4 Rxb4 30. Rb1 a5 31. Rxb4 axb4 32. Rd4 c5 33. Bb5+ Kd6 34. Rd2 Nc3 35. Bd3 Kc6 36. g4 fxg4 37. Bxh7 gxf3 38. Kxf3 c4 39. h4 Kc5 40. Rg2 b3 41. Rxg7 b2 42. Rg1 f5 43. h5 b1=Q 44. Rxb1 Nxb1 45. h6 Nd2+ 46. Kf4 Ne4 47. Bxf5 Bg8 48. Ke5 c3 49. Be6 Bh7 50. Bf5 Ng5 51. Bxh7 Nxh7 52. Kf5 c2 53.
Kg6 c1=Q 54. Kxh7 Qxe3 55. Kg7 Qg5+ 56. Kh7 d4 57. Kh8 Qxh6+ 58. Kg8 Qf6 59. Kh7 Kd6 60. Kg8 Ke7 61. Kh7 Qg5 62. Kh8 Kf7 63. Kh7 Qh5# 0-1

[Event "*** SCC Grand Prix: Titled Tuesday Blitz"]
[Site "Chess.com"]
[Date "2020.10.06"]
[Round "5"]
[White "Smile2005"]
[Black "Korchmar_Vasiliy"]
[Result "0-1"]
[WhiteElo "2410"]
[BlackElo "2577"]
[TimeControl "180+1"]
[EndTime "10:58:09 PDT"]
[Termination "Korchmar_Vasiliy won by checkmate"]

1. Nf3 Nf6 2. g3 g6 3. Bg2 Bg7 4. O-O O-O 5. d3 d5 6. Nc3 Nc6 7. e4 d4 8. Nb1 e5 9. a4 Ne8 10. Na3 Nd6 11. b3 f5 12. exf5 Bxf5 13. Ng5 Kh8 14. Nc4 h6 15. Ne4 Nxe4 16. Bxe4 Bxe4 17. dxe4 Qd7 18. Nb2 Nd8 19. Nd3 Qh3 20. Qe2 Ne6 21. Bd2 c5 22. a5 Rae8 23. f3 Rc8 24. a6 b5 25. Ra5 c4 26. Nb4 d3 27. cxd3 Nd4 28.
Qg2 Qxg2+ 29. Kxg2 Nxb3 30. Ra2 cxd3 31. Rb1 Nd4 32.
Rf1 Nb3 33. Rb1 Nd4 34. Rf1 Rfd8 35. Be3 Nc2 36. Nxc2 Rxc2+ 37. Rxc2 dxc2 38. Bxa7 Ra8 39. Bc5 Rxa6 40. Rc1 Rc6 41. Rxc2 Bf8 42. Bxf8 Rxc2+ 43. Kh3 Kg8 44. Bd6 Kf7 45. Bxe5 b4 46. Kg4 Rxh2 47. f4 b3 48. f5 gxf5+ 49. Kxf5 b2 50. Bxb2 Rxb2 51.
g4 Rb5+ 52. Kf4 Kf6 53. e5+ Rxe5 54. g5+ hxg5+ 55. Kg4 Kg6 56. Kg3 Kf5 57. Kf3 Re4 58. Kg3 Re3+ 59. Kf2 Kf4 60. Kg2 g4 61. Kf2 Re4 62.
Kg2 Re2+ 63. Kf1 Kf3 64. Kg1 Re1+ 65. Kh2 g3+ 66. Kh3 Rh1# 0-1

[Event "*** SCC Grand Prix: Titled Tuesday Blitz"]
[Site "Chess.com"]
[Date "2020.10.06"]
[Round "5"]
[White "chessplayer9919"]
[Black "Bulldog167"]
[Result "1/2-1/2"]
[WhiteElo "2615"]
[BlackElo "2779"]
[TimeControl "180+1"]
[EndTime "10:58:10 PDT"]
[Termination "Game drawn - insufficient material"]

1. d4 Nf6 2. c4 c5 3. Nf3 e6 4.
Nc3 d5 5. cxd5 exd5 6. g3 Nc6 7. Bg2 cxd4 8. Nxd4 Bc5 9. Nb3 Bb6 10. O-O d4 11. Na4 O-O 12. Bg5 h6 13. Bxf6 Qxf6 14. Nxb6 axb6 15. Bxc6 bxc6 16. Qxd4 Qd8 17. Qxd8 Rxd8 18.
Rfd1 Rxd1+ 19. Rxd1 Be6 20. Nc1 Bxa2 21. b3 Bb1 22. f3 c5 23. Kf2 b5 24. Rd5 Rc8 25.
Ke1 b4 26. e4 c4 27. Rd4 cxb3 28. Nxb3 Rb8 29. Kd2 Ba2 30. Kc2 Rc8+ 31. Kb2 Bxb3 32. Kxb3 Rc3+ 33. Kxb4 Rxf3 34. Kc5 Rf2 35. h4 Rf3 36. g4 f6 37. Kd5 Ra3 38. Ke6 Rg3 39. Kf5 Rf3+ 40. Kg6 Kf8 41. Rd7 Rf4 42. Rf7+ Ke8 43. Rxg7 Rxg4+ 44. Kxf6 Rxh4 45. e5 Rf4+ 46. Ke6 Kf8 47. Rh7 Rh4 48. Ra7 h5 49. Ra8+ Kg7 50.
Ke7 Re4 51. e6 h4 52. Ra3 Kg6 53. Kd7 Kf6 54. Rf3+ Kg5 55. e7 Kg4 56. Rf1 h3 57. e8=Q Rxe8 58. Kxe8 Kg3 59. Kf7 Kg2 60. Ra1 h2 61.
Kg6 h1=Q 62. Rxh1 Kxh1 1/2-1/2

[Event "*** SCC Grand Prix: Titled Tuesday Blitz"]
[Site "Chess.com"]
[Date "2020.10.06"]
[Round "5"]
[White "pfalcon1949"]
[Black "Igor_Bitensky"]
[Result "0-1"]
[WhiteElo "2023"]
[BlackElo "2331"]
[TimeControl "180+1"]
[EndTime "10:58:12 PDT"]
[Termination "Igor_Bitensky won by checkmate"]

1. c4 f5 2. Nc3 Nf6 3. g3 g6 4. Bg2 Bg7 5. d3 O-O 6. e4 d6 7. Nge2 Nc6 8. O-O e5 9. exf5 gxf5 10. d4 Kh8 11. dxe5 dxe5 12. Bg5 Qxd1 13. Raxd1 h6 14.
Bxf6 Bxf6 15. Nd5 Bd8 16. b3 Ne7 17. Nec3 c6 18. Nxe7 Bxe7 19. f4 e4 20. Rfe1 Bb4 21. Rc1 Be6 22. Red1 Rad8 23. Ne2 Kg7 24. Kf1 Kf6 25. Nd4 Bc8 26. Ke2 Bc5 27. Nc2 a5 28.
Ne3 Be6 29. Rxd8 Rxd8 30. Rd1 Rg8 31. Bh3 h5 32. Nf1 a4 33. Rb1 axb3 34. axb3 Ra8 35. Rb2 Bd4 36. Rd2 c5 37. Ne3 Ra3 38. Nc2 Rxb3 39. Nxd4 cxd4 40. Rxd4 Rb2+ 41. Rd2 Bxc4+ 42. Ke3 Rxd2 43. Kxd2 b5 44. Kc3 e3 45. Bg2 e2 46.
Kd2 b4 47. Bf3 b3 48. Bxh5 b2 49. Bxe2 b1=Q 50. Bxc4 Qb2+ 51. Ke3 Qxh2 52. Bd3 Qxg3+ 53. Kd2 Qxf4+ 54. Kc3 Ke5 55. Bc2 Qd4+ 56. Kb3 f4 57. Bh7 Qe3+ 58. Kc4 f3 59. Bd3 f2 60. Bf1 Qd4+ 61.
Kb3 Qc5 62. Kb2 Kd4 63. Be2 Qb4+ 64. Kc1 Kc3 65. Kd1 Qb1# 0-1